 Dungeon Sprint DCSS version 0.30.0-29-ga12c61a403 (webtiles) character file.

Game seed: 14701421188709656043

69 Revguard the Trooper (level 4, -6/53 HPs)
             Began as an Ogre Gladiator on June 19, 2023.
             Was a Follower of Uskayaw.
             Mangled by an air elemental (7 damage)
             ... in the Dungeon (Sprint V: "Ziggurat Sprint").
             The game lasted 00:01:57 (148 turns).

Revguard the Trooper (Ogre Gladiator)                Turns: 148, Time: 00:01:58

Health: -6/53      AC: 19    Str: 24    XL:     4   Next: 20%
Magic:  6/6        EV:  3    Int:  9    God:    Uskayaw [*.....]
Gold:   0          SH:  0    Dex: 18    Spells: 3/3 levels left

rFire   + + +        D - +7 great mace "Firestarter" {flame, immolate, rFlCloud rF++}
rCold   + . .        (shield currently unavailable)
rNeg    . . .        E - +5 gold dragon scales
rPois   +            c - +0 hat
rElec   .            (no cloak)
rCorr   .            (gloves unavailable)
SInv    .            (boots unavailable)
Will    .....        (no amulet) Stlth
                     B - +6 ring of strength
HPRegen 0.28/turn    x - +6 ring of dexterity
MPRegen 0.10/turn

%: no teleportation
@: no status effects
A: large, unfitting armour, tough skin 1
a: Renounce Religion, Stomp


You were in the Dungeon.
You worshipped Uskayaw.
Uskayaw was noncommittal.
You visited 1 branch

Inventory:

Hand Weapons
 a - a +0 flail
 D - the +7 great mace "Firestarter" (weapon) {flame, immolate, rFlCloud rF++}
   (You found it in the Dungeon)

   rFlCloud:  It grants immunity to clouds of flame.
   rF:        It greatly protects you from fire.
Missiles
 d - 3 throwing nets (quivered)
 e - a large rock
Armour
 b - a +0 robe
 c - a +0 hat (worn)
 E - +5 gold dragon scales (worn)
Jewellery
 w - a ring of flight
 x - a +6 ring of dexterity (right hand)
 y - a +6 ring of dexterity
 z - a +6 ring of intelligence
 A - a +6 ring of intelligence
 B - a +6 ring of strength (left hand)
 C - a +6 ring of strength
Wands
 o - a wand of roots (4)
 u - a wand of mindburst (7)
 v - a wand of light (18)
Scrolls
 k - 4 scrolls of blinking
 q - 4 scrolls of amnesia
 r - 7 scrolls of fog
 s - 5 scrolls of identify
 t - 2 scrolls of fear
Potions
 f - 9 potions of curing
 g - 9 potions of heal wounds
 h - 6 potions of haste
 i - 7 potions of magic
 j - 3 potions of berserk rage
 l - 2 potions of brilliance
 m - 2 potions of invisibility
 n - 4 potions of resistance
 p - 5 potions of might
Miscellaneous
 F - a condenser vane


   Skills:
 + Level 6.3 Fighting
 + Level 4.8 Maces & Flails
 - Level 2.0 Throwing
 + Level 2.6 Armour
 + Level 4.1 Dodging
 + Level 3.7 Invocations
 + Level 2.6 Evocations


You had 3 spell levels left.
You didn't know any spells.
Your spell library was empty.

Dungeon Overview and Level Annotations

Branches:
Dungeon (1/1)

Altars:
Ashenzari
Cheibriados
Dithmenos
Elyvilon
Fedhas
Gozag
Hepliaklqana
Kikubaaqudgha
Makhleb
Nemelex Xobeh
Okawaru
Qazlal
Ru
Sif Muna
Trog
Uskayaw
Vehumet
Wu Jian
Xom
Yredelemnul
Zin
The Shining One
Jiyva
Lugonu

Annotations:
D 1 transporter


Innate Abilities, Weirdness & Mutations

You are too large for most types of armour.
You have tough skin. (AC +1)


Message History

The stunning burst hits you.
You shrug off the repeated paralysis!
* * * LOW HITPOINT WARNING * * *
The air elemental barely misses you.
The air elemental fires a burst of electricity at you.
The stunning burst hits you.
You shrug off the repeated paralysis!
* * * LOW HITPOINT WARNING * * *
The air elemental barely misses you.
You feel much better.
The air elemental hits you but does no damage.
The air elemental fires a burst of electricity at you.
The stunning burst hits you.
You suddenly lose the ability to move!
The air elemental fires a burst of electricity at you.
The stunning burst hits you but does no damage.
The air elemental hits you.
The air elemental hits you but does no damage. x2
The air elemental fires a burst of electricity at you.
The stunning burst hits you.
The air elemental hits you but does no damage.
You can move again.
You sock the air elemental! You burn the air elemental.
The air elemental is filled with an inner flame.
The air elemental is moderately damaged.
The air elemental hits you but does no damage.
The air elemental hits you!
* * * LOW HITPOINT WARNING * * *
The air elemental fires a burst of electricity at you.
The stunning burst hits you!
You shrug off the repeated paralysis!
* * * LOW HITPOINT WARNING * * *
The air elemental fires a burst of electricity at you.
The stunning burst hits you but does no damage.
You shrug off the repeated paralysis!
The air elemental hits you but does no damage.
The air elemental fires a burst of electricity at you.
The stunning burst hits you but does no damage.
You shrug off the repeated paralysis!
The air elemental hits you but does no damage.
The air elemental hits you.
* * * LOW HITPOINT WARNING * * *
The air elemental hits you!
You die...

▓▓▓▓▓▓▓▓▓▓▓▓▓
▓.8©8.▓.8©8.▓
▓.[|:.▓.....▓
▓.....▓.....▓
▓.....▓.....▓
▓.EEE.▓.....▓
▓..@..▓..©..▓
▓..©..▓▓▓▓▓▓▓
▓▓▓▓▓▓▓


You could see 3 air elementals.

Vanquished Creatures
  2 jellies (D)
2 creatures vanquished.

Notes
Turn   | Place    | Note
-------+----------+-------------------------------------------
     0 | D        | Revguard the Ogre Gladiator began the quest for the Orb.
     0 | D        | Reached XP level 1. HP: 22/22 MP: 1/1
     0 | D        | Found a shimmering blue altar of Sif Muna.
     0 | D        | Found a sacrificial altar of Ru.
     0 | D        | Found a bloodstained altar of Trog.
     0 | D        | Found a stormy altar of Qazlal.
     0 | D        | Found an iron altar of Okawaru.
     0 | D        | Found a sparkling altar of Nemelex Xobeh.
     0 | D        | Found a blossoming altar of Fedhas.
     0 | D        | Found the +6 Majin-Bo {spellvamp, MP+6 Int+6}
     0 | D        | Found the +27 heavy crossbow "Sniper" {heavy, Acc+∞ SInv}
     0 | D        | Found the +10 dark maul {heavy}
     0 | D        | Found the +15 Maxwell's patent armour {-Cast -Tele rElec
                  | Will+ rCorr}
     0 | D        | Found the +18 shield of the Gong {Loud rN+ Will+ rCorr
                  | EV-5}
     0 | D        | Found the +16 obsidian axe {drain, demonic, Mesm Drain Fly
                  | SInv}
     0 | D        | Found the +7 great mace "Firestarter" {flame, immolate,
                  | rFlCloud rF++}
     0 | D        | Found the +6 shillelagh "Devastator" {shatter}
     0 | D        | Found the +11 plutonium sword {Contam Stlth-}
     0 | D        | Found the +8 lance "Wyrmbane" {slay drac, rPois rF+ rC+
                  | AC+3}
     0 | D        | Found the +9 sword of Zonguldrok {reap}
     0 | D        | Found the +13 scythe of Curses {drain, curses, Drain}
     0 | D        | Found the +9 sword of Power {lifebolt}
     0 | D        | Found the +7 mace of Variability {chaos, chaos arc}
     0 | D        | Found the +11 Singing Sword {sonic wave}
     0 | D        | Found the +8 storm bow {elec, penet}
     2 | D        | Found a transporter.
     2 | D        | Found an ancient bone altar of Kikubaaqudgha.
     2 | D        | Found a viscous altar of Jiyva.
     2 | D        | Found a corrupted altar of Lugonu.
     2 | D        | Found a hazy altar of Hepliaklqana.
     2 | D        | Found a burning altar of Makhleb.
     2 | D        | Found an opulent altar of Gozag.
    57 | D        | Became a worshipper of Uskayaw the Reveller
    74 | D        | Entered arena 2.
    74 | D        | Noticed a jelly
    74 | D        | Noticed a jelly
    74 | D        | Found a transporter.
    75 | D        | Reached skill level 5 in Fighting
    75 | D        | Reached skill level 1 in Armour
    75 | D        | Reached skill level 1 in Evocations
    75 | D        | Reached XP level 2. HP: 35/35 MP: 1/3
    76 | D        | Reached * piety under Uskayaw
    77 | D        | Reached skill level 6 in Fighting
    77 | D        | Reached XP level 3. HP: 34/44 MP: 1/5
    78 | D        | Reached ** piety under Uskayaw
    79 | D        | Reached XP level 4. HP: 35/53 MP: 1/6
   143 | D        | Entered arena 3.
   143 | D        | Noticed an air elemental
   143 | D        | Noticed an air elemental
   143 | D        | Noticed an air elemental
   143 | D        | Found a transporter.
   143 | D        | Paralysed by an air elemental for 1 turns
   145 | D        | Paralysed by an air elemental for 1 turns
   147 | D        | Paralysed by an air elemental for 1 turns
   148 | D        | HP: 1/53 [air elemental (4)]
   148 | D        | Mangled by an air elemental

Illustrated notes

Levels and vault maps discovered:
D:        sprint_v [room_start, room_1, room_2, room_3, room_4, room_5, room_6,
          room_7, room_8, room_9, room_10, room_11, room_12, room_13, room_14,
          room_15, room_16, room_17, room_18, room_19, room_20, room_21,
          room_22, room_23, room_24, room_25, room_26, room_27]

Skill      XL: |  1  2  3 |
---------------+----------+-----
Fighting       | 5 6 |  6.3
Maces & Flails | 4 |  4.8
Armour         | 1 2 |  2.6
Dodging        | 3 4 |  4.1
Invocations    | 2 3 |  3.7
Evocations     | 1 2 |  2.6
Throwing       | |  2.0

Action                     |  1- 3 |  4- 6 || total
---------------------------+-------+-------++-------
  Melee: Great mace        |     3 |     2 ||     5
    Use: Potion            |     1 |     2 ||     3
 Armour: Gold dragon scale |     2 |    21 ||    23
  Dodge: Dodged            |       |     3 ||     3
